 Dungeon Crawl Stone Soup version 0.27-a0-797-g27d10ad80f (webtiles) character file.

Game seed: 828950919322470134

3018 Armakuni the Fighter (level 9, -2/71 HPs)
             Began as a Djinni Fighter on Mar 27, 2021.
             Was an Initiate of Gozag.
             Slain by a yak (13 damage)
             ... on level 7 of the Dungeon.
             The game lasted 00:18:56 (10374 turns).

Armakuni the Fighter (Djinni Fighter)              Turns: 10374, Time: 00:18:56

Health: -2/71      AC: 12    Str: 17    XL:     9   Next: 85%
Gold:   310        EV:  9    Int: 18    God:    Gozag SH:  0 Dex: 12

rFire    + + .     SeeInvis .   a - +2 long sword (holy)
rCold    . . .     Faith    .   (no shield)
rNeg     . . .     Spirit   .   i - +2 scale mail {rC+}
rPois    ∞         Reflect  .   m - +0 helmet
rElec    .         Harm     .   g - +0 cloak
rCorr    .         Rampage  .   (no gloves)
Will     .....                  (boots unavailable)
Stlth    ..........             (no amulet)
HPRegen  0.21/turn              I - +6 ring of intelligence
MPRegen  0.00/turn              W - ring of wizardry

@: gold aura, flying
A: fire resistance 2, cold vulnerability 1, float, innate caster, hp casting,
extra vitality 1
a: Renounce Religion, Potion Petition, Call Merchant, Bribe Branch


You were on level 7 of the Dungeon.
You worshipped Gozag.
Gozag was aware of your devotion.
You visited 2 branches of the dungeon, and saw 8 of its levels.

You collected 1698 gold pieces.
You spent 336 gold pieces at shops.
You paid 1052 gold pieces to Gozag.

Inventory:

Hand Weapons
 a - a +2 long sword of holy wrath (weapon)
 b - a +0 dagger of venom
Missiles
 j - 10 poisoned darts
Armour
 g - a +0 cloak (worn)
 i - a +2 scale mail of cold resistance (worn)
 m - a +0 helmet (worn)
Jewellery
 k - the ring of Shadows {Umbra +Inv Stlth+}
   (You took it off a gnoll shaman on level 6 of the Dungeon)

   [ring of stealth]

   It lets you turn invisible.
   It makes you more stealthy.
 I - a +6 ring of intelligence (left hand)
 W - a ring of wizardry (right hand)
Wands
 l - a wand of digging (6)
Scrolls
 e - a scroll of noise
 f - 3 scrolls of identify
Potions
 d - 2 potions of cancellation
 h - a potion of lignification


   Skills:
 + Level 8.5 Fighting
 - Level 4.9 Long Blades
 + Level 6.7 Armour
 - Level 3.0 Shields
 - Level 6.0 Spellcasting


You had 10 spell levels left.
You knew the following spells:

 Your Spells              Type           Power      Damage    Failure   Level
a - Hailstorm             Conj/Ice       27%        3d7       12%         4
w - Passwall              Tmut/Erth      22%        N/A       1%          2
z - Vampiric Draining     Necr           13%        2d7       3%          3
U - Beastly Appendage     Tmut           54%        N/A       1%          1
Your spell library was empty.

Dungeon Overview and Level Annotations

Branches:
Dungeon (7/15)             Temple (1/1) D:4

Altars:
Ashenzari
Cheibriados
Dithmenos
Elyvilon
Fedhas
Gozag
Kikubaaqudgha
Makhleb
Okawaru
Qazlal
Ru
Sif Muna
Trog
Uskayaw
Wu Jian
Xom
Yredelemnul
Zin
The Shining One

Shops:
D:6 [[

Annotations:
D:4 1 runed translucent door


Innate Abilities, Weirdness & Mutations

You are immune to poison.
Your flesh is very heat resistant. (rF++)
You are vulnerable to cold. (rC-)
You float through the air rather than walking.
You learn spells naturally, not from books.
Your magical power is your life essence.
You have superior vitality. (+4 HP)


Message History

The yak is moderately wounded.
You feel less wooden.
Your +0 cloak unmelds from your body.
Your +0 helmet unmelds from your body.
Your +2 scale mail of cold resistance unmelds from your body.
You feel resistant to cold. The yak gores you.
* * * LOW HITPOINT WARNING * * *
The yak barely misses you.
You completely miss the yak.
The yak is moderately wounded.
The yak becomes distracted by the nearby gold, dreaming of imaginary riches.
You hit the yak.
The yak is no longer distracted by gold.
The yak is heavily wounded.
The yak gores you.
* * * LOW HITPOINT WARNING * * *
Aiming: Vampiric Draining (dangerous; 3% risk of failure)
Press: ? - help, Q - select action, (/) - cycle Shift-Dir - straight line, f - yak
Aim: a yak (heavily wounded)
You draw life force from the yak!
You feel life coursing into your body.
* * * LOW HITPOINT WARNING * * *
The yak gores you!
* * * LOW HITPOINT WARNING * * *
Aiming: Vampiric Draining (dangerous; 3% risk of failure)
Press: ? - help, Q - select action, (/) - cycle Shift-Dir - straight line, f/p - yak
Aim: a yak (severely wounded)
Okay, then.
Okay, then.
Unknown command.
Okay, then.
Unknown command.
Okay, then.
Unknown command.
Okay, then.
Okay, then.
Unknown command.
You hit the yak.
The yak is almost dead.
The yak gores you!
You die...
Your body crumbles into a pile of gold.

.. ..# #. #Y#
#. #Y# # #.
#Y###.# #.
#..... #. #...
##.###$###.###
#..@Y.........
#..####.##.###
#!. .# #... .#
#.#. ## #... #
.# .


You could see a yak.

Vanquished Creatures
  Eustachio (D:4)
  5 yaks (D:7)
  A hornet zombie (D:6)
  Duvessa (D:4)
  An ice beast (D:7)
  2 black bears (D:5)
  A necrophage (D:3)
  A centaur (D:6)
  A phantom (D:6)
  Blork the orc (D:5)
  2 bullfrogs (D:6)
  A gnoll sergeant (D:4)
  Dowan (D:4)
  A water moccasin skeleton (D:6)
  A wyvern skeleton (D:5)
  2 scorpions
  3 wights (D:6)
  2 bullfrog zombies (D:6)
  2 jellies
  A hound (D:4)
  A centaur skeleton (D:6)
  A gnoll shaman (D:6)
  An orc priest (D:4)
  Crazy Yiuf (D:4)
  2 bullfrog skeletons (D:5)
  Natasha (thrice) (D:2)
  An iguana (D:5)
  A killer bee zombie (D:6)
  2 hound zombies (D:5)
  A hound skeleton (D:4)
  16 gnolls
  A howler monkey skeleton (D:6)
  8 adders
  A white imp (D:5)
  2 ufetubi (D:5)
  5 worms
  7 orcs
  6 endoplasms
  5 giant cockroaches
  7 goblins
  5 hobgoblins
  6 jackals
  A quokka (D:2)
  9 ball pythons
  5 bats
  2 frilled lizards (D:1)
  A goblin zombie (D:4)
  7 kobolds
  3 rats (D:2)
142 creatures vanquished.

Vanquished Creatures (others)
  A fungus (D:1)
1 creature vanquished.

Grand Total: 143 creatures vanquished

Notes
Turn   | Place    | Note
-------+----------+-------------------------------------------
     0 | D:1      | Armakuni the Djinni Fighter began the quest for the Orb.
     0 | D:1      | Reached XP level 1. HP: 20/20 MP: 0/0
    33 | D:1      | You are sucked into a shaft and drop 1 floor!
   523 | D:1      | Reached XP level 2. HP: 25/25 MP: 0/0
   904 | D:1      | Reached XP level 3. HP: 22/30 MP: 0/0
   904 | D:1      | Learned a level 1 spell: Beastly Appendage
  1994 | D:2      | Noticed Natasha
  2001 | D:2      | Killed Natasha
  2002 | D:2      | Reached skill level 4 in Fighting
  2002 | D:2      | Reached XP level 4. HP: 22/37 MP: 0/0
  2159 | D:2      | Noticed Natasha
  2167 | D:2      | Killed Natasha
  2377 | D:2      | Noticed Natasha
  2389 | D:2      | Killed Natasha
  2390 | D:2      | Reached XP level 5. HP: 29/42 MP: 0/0
  2390 | D:2      | Learned a level 2 spell: Passwall
  2514 | D:3      | Found an iron altar of Okawaru.
  2514 | D:3      | Found an opulent altar of Gozag.
  2519 | D:3      | Became a worshipper of Gozag Ym Sagoz the Greedy
  3225 | D:3      | Found a faded altar of an unknown god.
  3498 | D:4      | Noticed Eustachio
  4199 | D:4      | Noticed a necrophage
  4201 | D:4      | Reached skill level 5 in Fighting
  4201 | D:4      | Reached XP level 6. HP: 13/49 MP: 0/0
  4476 | D:3      | Killed a necrophage
  4702 | D:4      | Killed Eustachio
  4703 | D:4      | Reached XP level 7. HP: 31/55 MP: 0/0
  4703 | D:4      | Learned a level 3 spell: Vampiric Draining
  4887 | D:4      | Found a runed translucent door.
  4887 | D:4      | Noticed a human
  4891 | D:4      | Found a basalt altar of Yredelemnul.
  4901 | D:4      | Found a staircase to the Ecumenical Temple.
  4909 | Temple   | Entered the Ecumenical Temple
  5841 | D:4      | Noticed Duvessa
  5842 | D:4      | Noticed Dowan
  5855 | D:4      | Killed Duvessa
  6178 | D:4      | Killed Dowan
  6528 | D:4      | Found a runed translucent door.
  6529 | D:4      | Noticed Crazy Yiuf
  6542 | D:4      | Killed Crazy Yiuf
  6745 | D:5      | Entered Level 5 of the Dungeon
  6993 | D:4      | Reached XP level 8. HP: 35/61 MP: 0/0
  7659 | D:5      | Reached skill level 5 in Spellcasting
  7778 | D:5      | Noticed Blork the orc
  7787 | D:5      | Killed Blork the orc
  8023 | D:5      | Identified a scroll of acquirement
  8023 | D:5      | Acquired 771 gold pieces
  8154 | D:5      | Found a white marble altar of Elyvilon.
  8385 | D:5      | Reached skill level 6 in Fighting
  8529 | D:5      | Found a white marble altar of Elyvilon.
  8589 | D:6      | Bought a +2 scale mail of cold resistance for 336 gold
                  | pieces
  8791 | D:6      | Reached XP level 9. HP: 46/67 MP: 0/0
  8791 | D:6      | Learned a level 4 spell: Hailstorm
  9142 | D:6      | Reached skill level 7 in Fighting
  9340 | D:6      | Found a burning altar of Makhleb.
  9348 | D:6      | Reached skill level 5 in Armour
 10343 | D:7      | Reached skill level 8 in Fighting
 10374 | D:7      | Slain by a yak

Illustrated notes

Levels and vault maps discovered:
D:1:      onia_arrival_mini_maze_b, layout_rooms
D:2:      layout_basic, uniq_natasha
D:3:      layout_loops_corners, gammafunk_temple_overflow_statue,
          chequers_ecumenical_altar_simple
D:4:      layout_basic, minmay_temple_entry_glassed_door, dk_yredelemnul_ordeal,
          uniq_crazy_yiuf_cottage, uniq_duvessa, uniq_eustachio
D:5:      layout_gridville, kennysheep_little_box, basic_altar,
          uniq_blork_the_orc
D:6:      layout_basic, bloody_makhleb, kennysheep_generic_room_5
D:7:      layout_loops_ring, nicolae_hepliaklqana_ecumenical_no_more,
          nemelex_xobeh_ov_fountains_minmay, vehumet_statue, enter_ossuary_5
Temple:   eino_wide_crystal_templ

Skill      XL: |  1  2  3  4  5  6  7  8  9 |
---------------+----------------------------+-----
Long Blades    | 2 3 4 |  4.9
Fighting       | 4 5 6 8 |  8.5
Spellcasting   | 3 6 |  6.0
Armour         | 4 6 |  6.7
Shields        | |  3.0

Action                   |  1- 3 |  4- 6 |  7- 9 || total
-------------------------+-------+-------+-------++-------
Melee: Long sword        |   106 |   134 |   276 ||   516
Throw: Dart              |    18 |    14 |     4 ||    36
 Cast: Vampiric Draining |       |       |    42 ||    42
Invok: Call Merchant     |       |       |     2 ||     2
  Use: Potion            |       |     7 |     3 ||    10
       Scroll            |       |     4 |     6 ||    10
Armor: Scale mail        |    39 |       |    50 ||    89
       Ring mail         |    16 |    54 |    58 ||   128
       Skin              |       |       |    30 ||    30
Dodge: Dodged            |    74 |    74 |   182 ||   330
       Rpst.: Long sword |    23 |    21 |    58 ||   102

Table legend: (Time is in decaauts)
 A = Elapsed time spent in this place.
 B = Non-inter-level travel time spent in this place.
 C = Inter-level travel time spent in this place.
 D = Time resting spent in this place.
 E = Time spent auto-exploring this place.
 F = Levels seen in this place.
 G = Mean time per level.
                   A        B        C        D        E       F      G
               +--------+--------+--------+--------+--------+-----+--------+
         Total |  10468 |  10264 |    204 |   3394 |   4686 |   8 | 1308.5 |
       Dungeon |   9955 |   9760 |    195 |   2952 |   4642 |   7 | 1422.1 |
        Temple |    512 |    503 |      9 |    442 |     44 |   1 |  512.0 |
               +--------+--------+--------+--------+--------+-----+--------+

Top non-repeatable levels by time:
     D:3: 2085 daAuts
     D:4: 1992 daAuts
     D:6: 1739 daAuts
     D:2: 1680 daAuts
     D:5: 1525 daAuts
     D:1: 838 daAuts
  Temple: 512 daAuts
     D:7: 94 daAuts
